 Dungeon Crawl Stone Soup version 0.30-a0-331-g8ab09dc110 (webtiles) character file.

Game seed: 5598761346296262266

1779 Cancer the Geomancer (level 9, 0/47 HPs)
             Began as a Gargoyle Earth Elementalist on Oct 30, 2022.
             Engulfed by a cloud of freezing vapour (10 damage)
             ... on level 5 of the Dungeon.
             The game lasted 00:20:25 (8120 turns).

Cancer the Geomancer (Gargoyle Earth Elementalist)  Turns: 8120, Time: 00:20:25

Health: 0/47       AC: 10    Str: 19    XL:     9   Next: 8%
Magic:  18/18      EV: 12    Int: 19    God:
Gold:   294        SH:  0    Dex: 10    Spells: 14/20 levels left

rFire   x . .      SeeInvis .    q - +2 spear (venom)
rCold   + . .      Faith    .    (no shield)
rNeg    + . .      Spirit   .    a - +0 robe
rPois   ∞          Reflect  .    (no helmet)
rElec   +          Harm     .    r - +0 cloak
rCorr   .          Rampage  .    (no gloves)
Will    .....                    o - +0 pair of boots
Stlth   ++........               (no amulet)
HPRegen 0.27/turn                d - ring of ice
MPRegen 0.16/turn                B - +6 ring of strength

@: no status effects
A: sickness immunity, AC +6, negative energy resistance 1, electricity
resistance, torment resistance 1, petrification resistance
a: no special abilities


You were on level 5 of the Dungeon.
You visited 1 branch of the dungeon, and saw 5 of its levels.
You also visited: Sewer.

You collected 294 gold pieces.

Inventory:

Hand Weapons
 q - a +2 spear of venom (weapon)
Armour
 a - a +0 robe (worn)
 m - a +0 kite shield
 o - a +0 pair of boots (worn)
 r - a +0 cloak (worn)
Jewellery
 d - a ring of ice (left hand)
 k - a ring of protection from fire
 B - a +6 ring of strength (right hand)
Wands
 E - a wand of flame (11)
 F - a wand of roots (11)
Scrolls
 c - 4 scrolls of teleportation {unknown}
 e - 2 scrolls of torment {unknown}
 h - 4 scrolls of magic mapping {unknown}
 j - 2 scrolls of noise {unknown}
 l - 6 scrolls of identify {unknown}
 p - 2 scrolls of brand weapon {unknown}
 t - a scroll of immolation {unknown}
 u - a scroll of summoning {unknown}
 v - 3 scrolls of amnesia {unknown}
 w - 2 scrolls of fog {unknown}
 y - 3 scrolls of enchant weapon {unknown}
 z - a scroll of poison {unknown}
 A - a scroll of vulnerability {unknown}
Potions
 b - 3 potions of magic
 f - 2 potions of attraction {unknown}
 g - 3 potions of curing {unknown}
 i - 3 potions of might {unknown}
 n - a potion of haste {unknown}
 s - 4 potions of flight
 x - 2 potions of degeneration
 C - a potion of lignification {unknown}
 D - a potion of cancellation {unknown}


   Skills:
 + Level 1.2 Fighting
 - Level 2.0 Dodging
 - Level 2.1 Stealth
 + Level 6.1 Spellcasting
 + Level 6.7 Conjurations
 + Level 0.4 Translocations
 - Level 1.0 Transmutations
 + Level 8.6 Earth Magic


You had 14 spell levels left.
You knew the following spells:

 Your Spells              Type           Power      Damage    Failure   Level
a - Sandblast             Erth           76%        2d16      1%          1
b - Stone Arrow           Conj/Erth      70%        3d11      1%          3
c - Blink                 Tloc           14%        N/A       14%         2

Your spell library contained the following spells:

 Spells                   Type           Power      Damage    Failure   Level
 Passwall                 Tmut/Erth      20%        N/A       2%          2
 Momentum Strike          Conj/Tloc      38%        3d9       3%          2
 Petrify                  Tmut/Erth      24%        N/A       16%         4
 Lesser Beckoning         Tloc           14%        N/A       28%         3
 Conjure Ball Lightning   Conj/Air       9%         3x3d7     99%         6
 Discord                  Hex            2%         N/A       100%        8
 Disjunction              Tloc           3%         N/A       100%        8


Dungeon Overview and Level Annotations

Branches:
Dungeon (5/15)              Sewer (visited)
 Temple: D:4-7

Altars:
Fedhas

Shops:
D:5 =


Innate Abilities, Weirdness & Mutations

You are immune to sickness and miasma.
Your stone body is resilient. (AC +6)
You are immune to poison.
You resist negative energy. (rN+)
You are resistant to electric shocks. (rElec)
You are resistant to unholy torment.
You are immune to petrification.


Message History

Aim: Duvessa, wielding a +0 short sword, wearing a +0 ring mail and carrying a wand of roots (11) (moderately wounded, berserk, 81% to hit)
The stone arrow hits Duvessa!!
Duvessa is almost dead.
Unknown command.
Casting: Stone Arrow (safe; 1% risk of failure)
Confirm with . or Enter, or press ? or * to list all spells.
Aiming: Stone Arrow (safe; 1% risk of failure)
Press: ? - help, Shift-Dir - straight line, f/p - Duvessa
Aim: Duvessa, wielding a +0 short sword, wearing a +0 ring mail and carrying a wand of roots (11) (almost dead, berserk, 81% to hit)
The stone arrow hits Duvessa!!
You kill Duvessa!
Training target 2.0 for Dodging reached!
Your Fighting skill increases to level 1!
Your Dodging skill increases to level 2!
F - a wand of roots (11)
Things that are here:
a +0 short sword; a +0 ring mail Magic restored.
Partly explored, can't reach some items.
There is an open door here.
There is an open door here.
Really walk into a travel-excluded area?
You are engulfed in freezing vapours.
You're wearing all the rings you can.
Remove which one? (? for menu, Esc to cancel) < or
k - a ring of protection from fire; > or
B - a +6 ring of strength
Okay, then.
You're wearing all the rings you can.
Remove which one? (? for menu, Esc to cancel) < or
k - a ring of protection from fire; > or
B - a +6 ring of strength You remove your ring of protection from fire.
You are engulfed in freezing vapours.
You feel more attuned to ice.
d - a ring of ice (left hand)
You are engulfed in freezing vapours.
You resist.
You are engulfed in freezing vapours.
You resist.
You are engulfed in freezing vapours.
You resist.
* * * LOW HITPOINT WARNING * * *
You are engulfed in freezing vapours.
You resist.
You die...

#.............##°#!#.#..........#
#.............##°#?#.#..........#
#.............##°#[#.#..........#
........#####.##°#.#.#..........#
..............##°#.#.####'#######
........########°#.#.# #.#
........# ##°#.#.# #.# ........#
##°#.#.# #.# ....##### ##@#.#.#
#.# ....# #######.#.#.# #.# ###.#
###.....#.#°#.####.# .##.#
#.......#.#°#....#.## .##.#
#.......#.#°#....#..# .##.#
#.......#.#.#....##.# .'..#
###.###.#.#°#....##(#
.#########.# #.#.#°##...##.#
.##........# #.#...##...##.##


There were no monsters in sight!

Vanquished Creatures
  A water moccasin (D:5)
  Duvessa (D:5)
  An ice beast (D:5)
  2 black bears
  2 phantoms (D:5)
  A centaur (D:4)
  A gnoll sergeant (D:4)
  A necrophage (D:5)
  A scorpion (D:2)
  Dowan (D:5)
  2 howler monkeys
  A jelly (D:5)
  3 hounds (D:5)
  2 orc priests (D:3)
  5 iguanas
  3 orc wizards
  9 gnolls
  10 adders
  6 river rats
  2 ufetubi
  2 worms
  5 dart slugs
  9 orcs
  6 endoplasms
  6 giant cockroaches
  14 hobgoblins
  9 jackals
  5 kobolds
  4 quokkas
  14 ball pythons
  9 bats
  4 frilled lizards
  9 goblins
  3 rats
154 creatures vanquished.

Vanquished Creatures (others)
  A plant (D:4)
1 creature vanquished.

Grand Total: 155 creatures vanquished

Notes
Turn   | Place    | Note
-------+----------+-------------------------------------------
     0 | D:1      | Cancer the Gargoyle Earth Elementalist began the quest for
                  | the Orb.
     0 | D:1      | Reached XP level 1. HP: 10/10 MP: 3/3
   226 | D:1      | Reached XP level 2. HP: 15/15 MP: 3/5
   432 | D:1      | Reached skill level 1 in Conjurations
   501 | D:1      | Reached skill level 4 in Earth Magic
  1061 | D:2      | Reached XP level 3. HP: 19/19 MP: 4/6
  1352 | D:1      | Reached XP level 4. HP: 18/24 MP: 5/8
  1875 | D:2      | Noticed a scorpion
  1879 | D:2      | Killed a scorpion
  1880 | D:2      | Reached skill level 5 in Earth Magic
  1880 | D:2      | Reached XP level 5. HP: 28/28 MP: 6/9
  2093 | D:3      | Noticed a black bear
  2103 | D:3      | Killed a black bear
  2104 | D:3      | Reached XP level 6. HP: 16/32 MP: 1/11
  2291 | D:3      | Found a glowing drain.
  2295 | Sewer    | Entered a sewer
  2807 | Sewer    | Reached skill level 6 in Earth Magic
  3304 | D:3      | Reached XP level 7. HP: 9/36 MP: 11/13
  3415 | D:3      | Learned a level 3 spell: Stone Arrow
  3815 | D:4      | Found a blossoming altar of Fedhas.
  5204 | D:4      | Reached skill level 5 in Conjurations
  5208 | D:3      | Reached skill level 7 in Earth Magic
  6251 | D:5      | Entered Level 5 of the Dungeon
  6400 | D:5      | Reached skill level 5 in Spellcasting
  6400 | D:5      | Reached XP level 8. HP: 41/41 MP: 11/15
  7101 | D:5      | Reached skill level 8 in Earth Magic
  7101 | D:5      | Noticed Dowan
  7101 | D:5      | Noticed Duvessa
  7617 | D:5      | Found Ficor's Jewellery Emporium.
  7637 | D:5      | Learned a level 2 spell: Blink
  7672 | D:5      | Reached skill level 1 in Transmutations
  7765 | D:5      | Killed Dowan
  7766 | D:5      | Reached XP level 9. HP: 37/46 MP: 11/18
  8026 | D:5      | Killed Duvessa
  8027 | D:5      | Reached skill level 1 in Fighting
  8120 | D:5      | Engulfed by a cloud of freezing vapour

Illustrated notes

Levels and vault maps discovered:
D:1:      dpeg_arrival_rooms_a, layout_loops_ring
D:2:      layout_basic, minmay_quadrilaterals
D:3:      layout_basic, gup_sewer_entry_bowl
D:4:      layout_layer_cave, fedhas_altar_3
D:5:      lemuel_ice_spiral_2, layout_basic, serial_shops,
          kennysheep_little_box, uniq_duvessa

Skill      XL: |  1  2  3  4  5  6  7  8  9 |
---------------+----------------------------+-----
Conjurations   | 1 2 3 4 5 6 |  6.7
Earth Magic    | 4 5 6 7 8 |  8.6
Spellcasting   | 3 4 5 6 |  6.1
Transmutations | 1 |  1.0
Fighting       | 1 |  1.2
Dodging        | 2 |  2.0
Stealth        | |  2.1
Translocations | |  0.4

Action                   |  1- 3 |  4- 6 |  7- 9 || total
-------------------------+-------+-------+-------++-------
Melee: Unarmed           |    13 |       |       ||    13
       Punch             |     1 |     1 |     1 ||     3
       Spear             |       |    50 |    34 ||    84
 Cast: Sandblast         |    44 |    76 |   104 ||   224
       Stone Arrow       |       |       |    16 ||    16
  Use: Potion            |       |     2 |       ||     2
Armor: Robe              |    20 |    49 |    85 ||   154
Dodge: Dodged            |    46 |    76 |   104 ||   226

Table legend: (Time is in decaauts)
 A = Elapsed time spent in this place.
 B = Non-inter-level travel time spent in this place.
 C = Inter-level travel time spent in this place.
 D = Time resting spent in this place.
 E = Time spent auto-exploring this place.
 F = Levels seen in this place.
 G = Mean time per level.
                   A        B        C        D        E       F      G
               +--------+--------+--------+--------+--------+-----+--------+
         Total |   8419 |   7526 |    893 |    927 |   4529 |   6 | 1403.2 |
       Dungeon |   7448 |   6555 |    893 |    851 |   4393 |   5 | 1489.6 |
         Sewer |    970 |    970 |      0 |     76 |    136 |   1 |  970.0 |
               +--------+--------+--------+--------+--------+-----+--------+

Top non-repeatable levels by time:
     D:3: 1823 daAuts
     D:4: 1773 daAuts
     D:5: 1744 daAuts
     D:1: 1091 daAuts
     D:2: 1015 daAuts
   Sewer: 970 daAuts
